Map: King's Cove LE

Players

GOStephano (Stephano)

  • Race: Zerg Zerg
  • League: Grandmaster
  • Spawn Location: 5:00

HellraiseR - Winner!

  • Race: Protoss Protoss
  • Spawn Location: 11:00

Event: HomeStory Cup XIX

VOD

Have the link to the VOD?

Description

Time

  • Played on: June 29, 2019, 6:14 a.m.
  • Length: 16:03

All games in this series

Show
View Real Time Build Order
Export as new Build Order

GOStephano Zerg 

Build Orders: Hatch First, Lurkers, Roach Hydra 

Get SALT Encoding   

  12  0:00  Drone  
  13  0:12  Overlord  
  13  0:17  Drone  
  14  0:30  Drone x2  
  16  0:49  Hatchery  
  15  0:52  Drone  
  15  0:55  Drone  
  17  0:58  Drone  
  18  1:09  Extractor  
  17  1:15  Spawning Pool  
  17  1:17  Drone  
  17  1:21  Drone  
  18  1:28  Drone  
  19  1:38  Drone  
  20  1:49  Drone  
  21  2:01  Queen x2  
  21  2:02  Zergling x2, Overlord  
  26  2:11  Drone  
  26  2:13  Drone  
  28  2:21  Drone  
  29  2:29  Drone, Hatchery  
  29  2:33  Drone  
  29  2:36  Drone  
  31  2:42  Queen  
  33  2:47  Overlord  
  33  2:51  Metabolic Boost  
  33  2:54  Drone  
  34  3:00  Drone x2  
  36  3:09  Drone x5  
  41  3:14  Overlord  
  41  3:18  Drone x2  
  43  3:27  Queen, Spore Crawler  
  43  3:33  Spore Crawler  
  43  3:35  Drone  
  43  3:37  Drone  
  43  3:38  Drone x2  
  47  3:42  Queen  
  47  3:47  Zergling x2, Spore Crawler  
  49  3:48  Drone  
  49  3:52  Drone x2  
  49  3:55  Drone x2  
  54  3:58  Drone x2  
  54  4:01  Drone  
  57  4:04  Drone x2  
  57  4:09  Lair  
  58  4:14  Overlord  
  58  4:17  Overlord  
  58  4:21  Extractor  
  58  4:22  Extractor  
  56  4:24  Roach Warren  
  56  4:25  Drone  
  56  4:26  Overlord  
  56  4:31  Overlord  
  56  4:35  Drone x2, Overlord  
  58  4:41  Drone x3  
  58  4:43  Drone x3  
  64  4:47  Drone  
  64  4:52  Drone  
  66  4:57  Zergling x16  
  74  5:03  Overlord  
  74  5:07  Glial Reconstitution, Evolution Chamber  
  74  5:08  Roach  
  74  5:09  Roach  
  74  5:13  Roach x2  
  81  5:15  Roach  
  81  5:17  Roach  
  83  5:28  Roach  
  83  5:29  Roach x5  
  83  5:31  Roach  
  83  5:34  Roach  
  83  5:35  Roach  
  95  5:37  Roach  
  97  5:48  Zerg Missile Weapons Level 1  
  97  5:49  Drone x2  
  98  5:50  Overlord  
  98  6:07  Hatchery, Overlord  
  93  6:12  Drone x10  
  102  6:18  Hydralisk Den, Ravager  
  102  6:19  Drone x4, Ravager  
  102  6:22  Extractor  
  102  6:23  Extractor  
  104  6:26  Drone x3  
  104  6:30  Drone x3  
  110  6:33  Drone  
  110  6:35  Overseer  
  111  6:41  Overlord  
  111  6:46  Drone, Extractor  
  111  6:47  Drone x3  
  111  6:51  Overlord  
  111  6:52  Overlord x3  
  111  6:53  Overlord  
  114  6:57  Lurker Den  
  113  7:01  Muscular Augments, Overlord  
  113  7:12  Overlord  
  113  7:19  Hydralisk x7  
  113  7:22  Drone x4  
  131  7:26  Drone x2  
  133  7:30  Hydralisk x2  
  137  7:42  Drone x8  
  135  7:47  Drone x2  
  135  7:49  Zerg Missile Weapons Level 2  
  132  7:53  Drone x2  
  132  7:55  Overseer  
  132  7:57  Extractor  
  133  7:58  Extractor  
  133  8:00  Pneumatized Carapace  
  133  8:01  Hydralisk x5  
  142  8:09  Hydralisk x3  
  148  8:13  Grooved Spines  
  148  8:17  Drone x4  
  152  8:21  Overlord  
  152  8:23  Hatchery, Overlord  
  152  8:24  Overlord  
  151  8:33  Spore Crawler  
  150  8:35  Lurker x2  
  150  8:36  Lurker x3  
  150  8:40  Lurker  
  150  8:41  Overlord  
  156  8:55  Queen  
  158  8:57  Lurker x3  
  158  8:58  Lurker  
  162  9:03  Drone x2  
  162  9:07  Infestation Pit  
  163  9:10  Spine Crawler x4  
  163  9:11  Lurker  
  163  9:12  Zergling x34  
  177  9:25  Hydralisk x6  
  177  9:27  Roach  
  177  9:28  Roach  
  193  9:41  Hydralisk  
  193  9:42  Hydralisk x2  
  198  10:10  Hydralisk x2  
  190  10:23  Hydralisk x6  
  190  10:26  Hive  
  199  10:30  Spire  
  199  10:34  Hydralisk x2  
  198  10:42  Hydralisk x2  
  189  10:56  Hatchery  
  185  11:00  Overlord  
  185  11:01  Zergling x14  
  185  11:02  Zergling x14  
  178  11:28  Zergling x28  
  178  11:42  Lurker x3  
  178  11:43  Lurker x5  
  178  11:46  Hatchery  
  182  11:51  Lurker  
  182  11:53  Extractor, Lurker x12  
  191  11:55  Extractor  
  191  12:01  Greater Spire  
  190  12:06  Adaptive Talons  
  190  12:12  Drone x3, Evolution Chamber  
  190  12:13  Drone x3  
  195  12:15  Spine Crawler  
  195  12:16  Spine Crawler  
  195  12:17  Spine Crawler  
  195  12:18  Spore Crawler  
  195  12:19  Spine Crawler  
  168  12:38  Hydralisk x7  
  168  12:39  Hydralisk x8  
  193  12:50  Hydralisk x4  
  199  12:56  Zerg Missile Weapons Level 3  
  195  13:04  Hydralisk x3, Overseer  
  185  13:16  Spore Crawler x3  
  179  13:21  Zerg Flyer Armor Level 1, Corruptor x4  
  184  13:34  Corruptor x3  
  184  13:39  Hatchery  
  185  13:42  Overseer  
  185  13:43  Spore Crawler  
  185  13:44  Extractor, Corruptor x3, Spore Crawler  
  179  13:59  Corruptor x3  
  156  14:09  Corruptor x3  
  151  14:29  Corruptor x4  
  153  14:40  Corruptor x2  
  154  14:50  Drone x5  
  154  14:51  Drone x2  
  115  15:13  Corruptor x4  
  109  15:22  Corruptor x2  
  109  15:25  Viper  
Show
View Real Time Build Order
Export as new Build Order

HellraiseR Protoss - Winner!

Build Orders: 1 Gate Expand, Oracle Opening, Phoenix Opening, Carriers, Chargelot Immortal 

Get SALT Encoding   

  12  0:00  Probe  
  13  0:12  Probe  
  14  0:18  Pylon  
  14  0:24  Probe  
  15  0:33  Probe  
  15  0:38  Gateway  
  15  0:41  Probe  
  16  0:48  Assimilator  
  17  0:51  Probe  
  18  1:03  Probe  
  19  1:23  Nexus  
  20  1:25  Probe  
  20  1:36  Cybernetics Core  
  20  1:39  Probe  
  21  1:45  Assimilator  
  21  1:51  Probe  
  22  1:54  Pylon  
  22  2:02  Probe, Adept  
  23  2:10  Probe  
  26  2:18  Probe  
  27  2:23  Stargate  
  27  2:29  Probe  
  27  2:31  Probe  
  27  2:37  Stalker  
  31  2:42  Probe x2  
  31  2:43  Warp Gate  
  33  2:54  Probe x2  
  35  2:59  Oracle  
  35  3:06  Probe x2  
  40  3:18  Probe x2  
  42  3:21  Pylon  
  42  3:22  Gateway  
  42  3:29  Phoenix  
  42  3:30  Probe x2  
  46  3:42  Probe x2, Assimilator  
  46  3:44  Assimilator  
  46  3:47  Pylon  
  48  3:48  Oracle  
  48  3:54  Probe x2  
  53  4:06  Probe x2  
  55  4:11  Pylon  
  55  4:13  Robotics Facility  
  55  4:18  Probe x2  
  55  4:20  Oracle, Pylon  
  57  4:30  Probe  
  57  4:31  Adept x2  
  63  4:33  Probe  
  67  4:46  Probe, Nexus  
  67  4:48  Oracle  
  67  4:51  Forge  
  67  4:52  Probe  
  68  4:59  Pylon  
  71  5:01  Observer  
  71  5:02  Probe  
  71  5:06  Probe  
  74  5:11  Pylon  
  74  5:14  Probe  
  74  5:15  Immortal  
  74  5:18  Shield Battery  
  74  5:19  Probe  
  76  5:26  Probe  
  78  5:31  Probe  
  79  5:36  Sentry x2  
  79  5:39  Probe, Pylon  
  84  5:43  Probe  
  84  5:46  Pylon  
  84  5:47  Immortal  
  84  5:51  Probe  
  84  5:53  Protoss Ground Weapons Level 1  
  90  5:58  Gateway  
  90  5:59  Gateway  
  90  6:00  Probe  
  90  6:01  Probe  
  90  6:03  Probe  
  92  6:05  Sentry  
  94  6:12  Probe  
  94  6:15  Probe, Immortal  
  94  6:17  Twilight Council  
  97  6:19  Sentry  
  97  6:24  Probe  
  99  6:31  Probe  
  104  6:33  Probe  
  104  6:36  Stalker  
  104  6:37  Probe  
  108  6:43  Probe  
  108  6:45  Probe  
  110  6:47  Gateway  
  110  6:48  Gateway  
  110  6:50  Immortal  
  110  6:52  Assimilator  
  111  6:54  Assimilator  
  111  6:58  Pylon  
  111  6:59  Charge  
  114  7:07  Templar Archives  
  114  7:09  Photon Cannon  
  114  7:10  Gateway  
  114  7:11  Gateway  
  114  7:15  Pylon  
  114  7:18  Pylon  
  114  7:20  Probe x2  
  114  7:21  Zealot x2  
  120  7:24  Immortal  
  120  7:27  Pylon  
  120  7:36  Nexus  
  124  7:42  Protoss Ground Weapons Level 2  
  124  7:45  Psionic Storm  
  124  7:58  Zealot, High Templar x2  
  128  7:59  Observer, Zealot x3  
  128  8:02  Pylon x2  
  136  8:14  High Templar  
  136  8:16  Shield Battery  
  136  8:17  Shield Battery, Immortal  
  136  8:19  Photon Cannon  
  138  8:21  Probe  
  138  8:22  Photon Cannon, Probe  
  138  8:24  High Templar  
  146  8:35  Probe  
  146  8:36  Probe  
  146  8:40  Zealot x2  
  146  8:41  Zealot x4  
  160  8:47  High Templar, Immortal  
  162  9:02  Zealot x5, High Templar x2  
  180  9:21  Pylon  
  180  9:22  Pylon  
  180  9:23  Protoss Air Weapons Level 1  
  180  9:24  Zealot x2  
  180  9:25  Zealot x2  
  188  9:31  Fleet Beacon  
  188  9:32  Stargate, Warp Prism  
  188  9:35  Pylon  
  188  9:37  Pylon  
  190  9:51  Photon Cannon  
  190  9:52  Photon Cannon  
  188  9:53  Photon Cannon  
  188  9:54  Shield Battery  
  188  9:56  Pylon  
  188  9:57  Shield Battery  
  188  10:03  Protoss Shields Level 1, Stargate  
  188  10:04  Stargate  
  186  10:07  Zealot x5  
  192  10:16  Zealot x3  
  181  10:36  Zealot x6  
  181  10:38  Observer, Carrier  
  181  10:41  Carrier x2  
  180  10:54  Carrier  
  191  11:02  Zealot x4  
  158  11:28  Carrier  
  158  11:29  Zealot x7  
  158  11:30  Zealot  
  158  11:32  Phoenix  
  172  11:43  Observer  
  179  11:48  Probe x2  
  179  11:49  Carrier  
  179  11:50  Carrier  
  187  11:55  Assimilator  
  187  11:59  Assimilator  
  187  12:01  Pylon  
  191  12:02  Probe  
  191  12:04  Carrier  
  192  12:13  Pylon  
  198  12:24  Zealot  
  198  12:25  Carrier  
  176  12:43  Observer  
  182  12:44  Zealot, Carrier  
  182  12:45  Zealot x3  
  186  12:54  Carrier  
  186  12:57  Zealot  
  192  13:01  Carrier  
  198  13:30  Cybernetics Core  
  198  13:31  Gateway  
  198  13:38  Protoss Shields Level 2  
  198  13:47  Zealot  
  198  13:48  Gateway  
  200  13:52  Gateway  
  176  14:08  Observer, Zealot x7  
  172  14:23  Observer  
  160  14:32  High Templar x7  
  160  14:33  Zealot  
  173  14:42  Observer  
  174  14:57  Nexus  
  174  14:58  High Templar x3  
  180  15:06  Stalker x2  
  180  15:07  Stalker x3  
  166  15:14  Archon x2  
  168  15:15  Archon  
  166  15:22  Zealot x2  
  170  15:43  Nexus  
Tags
 
Add a new tag
Caveats
  • Supply blocks, unpowered buildings, or Contaminate may cause inaccurate times.
  • Supply counts are checked every 10 seconds.